[Event "32nd GER-ch Seniors-50 2020"]
[Site "Magdeburg"]
[Date "2020.08.14"]
[Round "1.1"]
[White "Lundin, Jan"]
[Black "Meyer, Bernd"]
[Result "1-0"]
[ECO "B00"]
[WhiteElo "2321"]
[BlackElo "1966"]
[Annotator "ChessBase"]
[PlyCount "51"]
[EventDate "2020.08.14"]
[EventType "swiss"]
[EventCountry "GER"]
[SourceTitle "playchess.com"]
[Source "ChessBase"]
[SourceQuality "1"]
[TimeControl "40/5400+30:1800+30"]

1. e4 d6 2. Nc3 Nf6 3. f4 g6 4. Nf3 Bg7 5. Be2 c5 6. O-O O-O 7. d3 Nc6 8. Qe1 e6 9. Bd1 a6 10. Kh1 b5 11. a3 Rb8 12. Ne2 d5 13. e5 Nd7 14. d4 f6 15. c3 Qe7 16. Be3 c4 17. exf6 Nxf6 18. Bc2 Bd7 19. Ng5 Bh6 20. Qh4 Bxg5 21. fxg5 Nh5 22. g4 Rxf1+ 23. Rxf1 Ng7 24. Nf4 Ne8 25. Bxg6 Nc7 26. Nh5 1-0

[Event "32nd GER-ch Seniors-50 2020"]
[Site "Magdeburg"]
[Date "2020.08.14"]
[Round "1.5"]
[White "Koehler, Gerhard"]
[Black "Kottke, Steffen"]
[Result "1-0"]
[ECO "A30"]
[WhiteElo "2213"]
[BlackElo "1928"]
[Annotator "ChessBase"]
[PlyCount "69"]
[EventDate "2020.08.14"]
[EventType "swiss"]
[EventCountry "GER"]
[SourceTitle "playchess.com"]
[Source "ChessBase"]
[SourceQuality "1"]
[TimeControl "40/5400+30:1800+30"]

1. c4 c5 2. g3 Nf6 3. Bg2 g6 4. Nc3 Bg7 5. a3 Nc6 6. Rb1 d6 7. b4 cxb4 8. axb4 O-O 9. d3 Rb8 10. Nf3 Ng4 11. Bd2 Nge5 12. Ng5 h6 13. Nh3 g5 14. O-O Bg4 15. f3 Be6 16. Nf2 Ng6 17. Qa4 a6 18. b5 axb5 19. Qxb5 Qd7 20. e3 f5 21. f4 gxf4 22. exf4 h5 23. Nh3 Bd4+ 24. Kh1 Bf6 25. Nd5 h4 26. Nxf6+ exf6 27. Rfe1 Kg7 28. Bc3 hxg3 29. hxg3 Nd8 30. Qb6 Ra8 31. Ng5 Rh8+ 32. Kg1 Bg8 33. Qd4 Ne5 34. fxe5 fxe5 35. Rxe5 1-0

[Event "32nd GER-ch Seniors-50 2020"]
[Site "Magdeburg"]
[Date "2020.08.14"]
[Round "1.6"]
[White "Leib, Britta"]
[Black "Metz, Hartmut"]
[Result "0-1"]
[ECO "B10"]
[WhiteElo "1903"]
[BlackElo "2209"]
[Annotator "ChessBase"]
[PlyCount "77"]
[EventDate "2020.08.14"]
[EventType "swiss"]
[EventCountry "GER"]
[SourceTitle "playchess.com"]
[Source "ChessBase"]
[SourceQuality "1"]
[TimeControl "40/5400+30:1800+30"]

1. e4 c6 2. Nf3 d5 3. Nc3 dxe4 4. Nxe4 Nf6 5. Nc3 Bg4 6. h3 Bh5 7. Be2 Nbd7 8. Ne5 Bxe2 9. Qxe2 Nxe5 10. Qxe5 e6 11. a3 Bd6 12. Qe2 O-O 13. O-O Qa5 14. d3 Rfd8 15. Re1 Bc7 16. Bd2 Qf5 17. Rad1 Rac8 18. Be3 Qe5 19. g3 Nd5 20. Bd2 Qf5 21. Kg2 Qg6 22. Qe4 Ne7 23. Qxg6 Nxg6 24. Re4 Be5 25. Rde1 Bf6 26. Nd1 Ne7 27. Bc3 Bxc3 28. Nxc3 Nd5 29. Nb1 Kf8 30. f4 h5 31. Kf3 g6 32. Nd2 Ne7 33. Rb4 Rc7 34. Ne4 Nf5 35. Rc1 b5 36. Nf2 Nd4+ 37. Ke3 c5 38. Ne4 Nf5+ 39. Kf3 0-1

[Event "32nd GER-ch Seniors-50 2020"]
[Site "Magdeburg"]
[Date "2020.08.14"]
[Round "1.7"]
[White "Vatter, Hans-Joachim"]
[Black "Dolezal, Hans-Peter"]
[Result "1-0"]
[ECO "C42"]
[WhiteElo "2204"]
[BlackElo "1830"]
[Annotator "ChessBase"]
[PlyCount "72"]
[EventDate "2020.08.14"]
[EventType "swiss"]
[EventCountry "GER"]
[SourceTitle "playchess.com"]
[Source "ChessBase"]
[SourceQuality "1"]
[TimeControl "40/5400+30:1800+30"]

1. e4 e5 2. Nf3 Nf6 3. Nxe5 d6 4. Nf3 Nxe4 5. Nc3 Nxc3 6. dxc3 Be7 7. Bf4 O-O 8. Qd2 Nd7 9. O-O-O Nf6 10. Bd3 c5 11. c4 b5 12. Rhe1 Be6 13. Ng5 Bxc4 14. Bxc4 bxc4 15. Rxe7 Qxe7 16. Bxd6 Qd8 17. Bxf8 Qxd2+ 18. Rxd2 Kxf8 19. f3 h6 20. Nh3 Rc8 21. Nf4 Rc7 22. Rd6 Ke8 23. Nd5 Nxd5 24. Rxd5 Ke7 25. Kd2 Ke6 26. Rd8 Kf5 27. Kc3 Kf4 28. Re8 h5 29. Kxc4 g5 30. Re4+ Kf5 31. Re2 Kf4 32. Rd2 g4 33. fxg4 hxg4 34. Rf2+ Ke5 35. g3 f5 36. Re2+ Kf6 1-0

[Event "32nd GER-ch Seniors-50 2020"]
[Site "Magdeburg"]
[Date "2020.08.16"]
[Round "3.3"]
[White "Koehler, Gerhard"]
[Black "Schatz, Christian"]
[Result "0-1"]
[ECO "A36"]
[WhiteElo "2213"]
[BlackElo "2162"]
[Annotator "ChessBase"]
[PlyCount "56"]
[EventDate "2020.08.14"]
[EventType "swiss"]
[EventCountry "GER"]
[SourceTitle "playchess.com"]
[Source "ChessBase"]
[SourceQuality "1"]
[TimeControl "40/5400+30:1800+30"]

1. c4 c5 2. g3 g6 3. Bg2 Bg7 4. Nc3 Nc6 5. a3 Nf6 6. Rb1 a5 7. d3 O-O 8. Nf3 d5 9. cxd5 Nxd5 10. Bd2 e6 11. h4 Nf6 12. Rc1 Bd7 13. Bf4 Re8 14. Nb5 e5 15. Bd2 e4 16. dxe4 Nxe4 17. Bf4 Rc8 18. Ng5 Bf5 19. Nxe4 Bxe4 20. Bxe4 Rxe4 21. Nd6 Rd4 22. Qb3 Rxd6 23. Bxd6 Qxd6 24. Qxb7 Rb8 25. Qa6 Bxb2 26. O-O Bxc1 27. Rxc1 Rb2 28. e3 Rd2 0-1

[Event "32nd GER-ch Seniors-50 2020"]
[Site "Magdeburg"]
[Date "2020.08.16"]
[Round "3.8"]
[White "Namyslo, Holger"]
[Black "Wagner, Bernd"]
[Result "1-0"]
[ECO "C02"]
[WhiteElo "2149"]
[BlackElo "2070"]
[Annotator "ChessBase"]
[PlyCount "51"]
[EventDate "2020.08.14"]
[EventType "swiss"]
[EventCountry "GER"]
[SourceTitle "playchess.com"]
[Source "ChessBase"]
[SourceQuality "1"]
[TimeControl "40/5400+30:1800+30"]

1. e4 e6 2. d4 d5 3. e5 c5 4. c3 Nc6 5. Nf3 Qb6 6. Be2 Be7 7. O-O Bd7 8. dxc5 Bxc5 9. b4 Be7 10. Bd3 f5 11. Re1 O-O-O 12. a4 Nh6 13. a5 Qc7 14. Na3 Nf7 15. Nb5 Qb8 16. Qe2 g5 17. Nbd4 g4 18. Nxc6 bxc6 19. Nd4 Rdg8 20. Nxf5 Bf8 21. Nd4 Nxe5 22. Qxe5 Bd6 23. Ba6+ Kd8 24. Nxe6+ Bxe6 25. Qxe6 Rg6 26. Bg5+ 1-0

[Event "32nd GER-ch Seniors-50 2020"]
[Site "Magdeburg"]
[Date "2020.08.17"]
[Round "4.3"]
[White "Biebinger, Gerhard"]
[Black "Loew, Gerald"]
[Result "0-1"]
[ECO "A55"]
[WhiteElo "2226"]
[BlackElo "2152"]
[Annotator "ChessBase"]
[PlyCount "91"]
[EventDate "2020.08.14"]
[EventType "swiss"]
[EventCountry "GER"]
[SourceTitle "playchess.com"]
[Source "ChessBase"]
[SourceQuality "1"]
[TimeControl "40/5400+30:1800+30"]

1. d4 d6 2. Nf3 Nf6 3. c4 Nbd7 4. Nc3 e5 5. e4 Be7 6. Be2 O-O 7. O-O c6 8. Be3 a6 9. d5 cxd5 10. cxd5 Ng4 11. Bd2 b5 12. Ne1 Ngf6 13. Nc2 Nb6 14. f3 Bd7 15. Be3 Qb8 16. Qd2 Rc8 17. Rfc1 Nc4 18. Bxc4 Rxc4 19. b3 Rc8 20. a4 bxa4 21. bxa4 Qb3 22. Ra3 Qc4 23. Ne2 a5 24. Raa1 Rab8 25. Ne1 Qa6 26. Rxc8+ Rxc8 27. Nc3 Qc4 28. Nb5 Bxb5 29. axb5 Qxb5 30. Qxa5 Qe2 31. Qd2 Qxd2 32. Bxd2 Kf8 33. Kf2 Nd7 34. Be3 Bd8 35. Ra6 Ke7 36. Ke2 Rb8 37. Nd3 Rb1 38. Bd2 Bb6 39. Be3 Bxe3 40. Kxe3 h5 41. g3 g6 42. Ra7 Ke8 43. Ra8+ Ke7 44. Ra7 Ke8 45. Ra8+ Ke7 46. Ra7 0-1

[Event "32nd GER-ch Seniors-50 2020"]
[Site "Magdeburg"]
[Date "2020.08.18"]
[Round "5.5"]
[White "Koehler, Gerhard"]
[Black "Lindam, Ingo"]
[Result "1-0"]
[ECO "E91"]
[WhiteElo "2213"]
[BlackElo "2142"]
[Annotator "ChessBase"]
[PlyCount "99"]
[EventDate "2020.08.14"]
[EventType "swiss"]
[EventCountry "GER"]
[SourceTitle "playchess.com"]
[Source "ChessBase"]
[SourceQuality "1"]
[TimeControl "40/5400+30:1800+30"]

1. c4 Nf6 2. Nc3 g6 3. e4 d6 4. d4 Bg7 5. Be2 O-O 6. Nf3 Na6 7. O-O e5 8. Re1 c6 9. Bf1 exd4 10. Nxd4 Ng4 11. Nf3 Nc5 12. h3 Ne5 13. Nd4 Ned3 14. Bxd3 Bxd4 15. Bf1 Qf6 16. Qc2 Ne6 17. Be3 Be5 18. Qd2 g5 19. Rab1 Kh8 20. Be2 Nf4 21. Bg4 Bxg4 22. hxg4 Qe6 23. Bxf4 gxf4 24. f3 Rg8 25. Kf2 Qxc4 26. Rh1 Bd4+ 27. Ke1 d5 28. Qxf4 dxe4 29. Nxe4 Rae8 30. Kd2 Rg6 31. b3 Qd5 32. Kc2 Be5 33. Qd2 Qxd2+ 34. Kxd2 Rd8+ 35. Ke3 f5 36. gxf5 Rxg2 37. Rh5 Bc7 38. f4 Bb6+ 39. Kf3 Rg7 40. Ng5 Rd3+ 41. Kg4 Bd8 42. Re1 Bxg5 43. Rxg5 h5+ 44. Kxh5 Rd8 45. f6 Rf7 46. Kg6 Rh7 47. Re7 Rg8+ 48. Kf5 Rf8 49. Rxh7+ Kxh7 50. Ke6 1-0

[Event "32nd GER-ch Seniors-50 2020"]
[Site "Magdeburg"]
[Date "2020.08.18"]
[Round "5.8"]
[White "Spiess, Thomas"]
[Black "Schober, Ralf"]
[Result "1/2-1/2"]
[ECO "A41"]
[WhiteElo "1976"]
[BlackElo "2030"]
[Annotator "RC"]
[PlyCount "47"]
[EventDate "2020.08.14"]
[EventType "swiss"]
[EventCountry "GER"]
[SourceTitle "playchess.com"]
[Source "ChessBase"]
[SourceQuality "1"]
[TimeControl "40/5400+30:1800+30"]

1. Nf3 d6 2. d4 Bg4 3. e4 Nc6 4. d5 Ne5 5. Be2 Nxf3+ 6. Bxf3 Bxf3 7. Qxf3 g6 8. c4 Bg7 9. Nc3 Nf6 10. Be3 O-O 11. Bd4 Nd7 12. Bxg7 Kxg7 13. O-O e5 14. Qe3 f5 15. f3 fxe4 16. Nxe4 h6 17. g3 Qe7 18. Rf2 Nf6 19. Raf1 Nxe4 20. fxe4 b6 21. Rxf8 Rxf8 22. Rxf8 Qxf8 23. Qf2 Qxf2+ 24. Kxf2 1/2-1/2

[Event "32nd GER-ch Seniors-50 2020"]
[Site "Magdeburg"]
[Date "2020.08.19"]
[Round "6.1"]
[White "Biebinger, Gerhard"]
[Black "Lundin, Jan"]
[Result "1/2-1/2"]
[ECO "D02"]
[WhiteElo "2226"]
[BlackElo "2321"]
[Annotator "ChessBase"]
[PlyCount "96"]
[EventDate "2020.08.14"]
[EventType "swiss"]
[EventCountry "GER"]
[SourceTitle "playchess.com"]
[Source "ChessBase"]
[SourceQuality "1"]
[TimeControl "40/5400+30:1800+30"]

1. d4 d5 2. Nf3 e6 3. c4 c5 4. cxd5 exd5 5. g3 Nc6 6. Bg2 c4 7. O-O Bb4 8. Nc3 Nge7 9. e4 Bxc3 10. bxc3 O-O 11. Re1 Qa5 12. exd5 Nxd5 13. Bd2 f6 14. Qb1 Nb6 15. a4 Bf5 16. Qb5 a6 17. Qc5 Bd3 18. Re6 Qxc5 19. dxc5 Nd7 20. Be3 Rac8 21. Rd6 Ncb8 22. Ne1 Nxc5 23. Nxd3 cxd3 24. Rb1 Nbd7 25. Bxb7 Rb8 26. Bd5+ Kh8 27. Rxb8 Rxb8 28. Bc6 Ne5 29. Bxc5 Nxc6 30. Rxd3 Rc8 31. f4 Kg8 32. Bb6 g5 33. fxg5 fxg5 34. Rd5 h6 35. Kf2 Kf7 36. Rd6 h5 37. Ke2 Re8+ 38. Kd1 Ne5 39. a5 Nf3 40. h3 Re1+ 41. Kc2 Rh1 42. Bc7 Ke7 43. Rxa6 Kd7 44. Bb8 Kc8 45. Rb6 Rxh3 46. a6 Rh2+ 47. Kd3 Ra2 48. a7 h4 1/2-1/2

[Event "32nd GER-ch Seniors-50 2020"]
[Site "Magdeburg"]
[Date "2020.08.19"]
[Round "6.3"]
[White "Metz, Hartmut"]
[Black "Koehler, Gerhard"]
[Result "0-1"]
[ECO "B15"]
[WhiteElo "2209"]
[BlackElo "2213"]
[Annotator "ChessBase"]
[PlyCount "87"]
[EventDate "2020.08.14"]
[EventType "swiss"]
[EventCountry "GER"]
[SourceTitle "playchess.com"]
[Source "ChessBase"]
[SourceQuality "1"]
[TimeControl "40/5400+30:1800+30"]

1. e4 c6 2. d4 d5 3. Nc3 dxe4 4. Nxe4 Nf6 5. Ng3 g6 6. c3 Bg7 7. Nf3 O-O 8. Bc4 Nbd7 9. O-O b5 10. Bd3 a6 11. a4 Bb7 12. Re1 Re8 13. Qe2 Qc7 14. Bd2 Nb6 15. a5 Nbd7 16. b4 Nd5 17. Ne5 Nxe5 18. dxe5 c5 19. Rac1 c4 20. Bb1 Rad8 21. f4 f5 22. Nf1 e6 23. Qf2 Bf8 24. Re2 Rd7 25. Ne3 Rg7 26. Nxd5 Bxd5 27. Be3 h6 28. Rd1 Qc6 29. h4 Be7 30. Rd4 Rf8 31. Kf1 g5 32. hxg5 hxg5 33. fxg5 Bxg5 34. Bxg5 Rxg5 35. Rh4 Rf7 36. g3 Rfg7 37. Re3 Qe8 38. Qh2 Kf7 39. Rh8 Qe7 40. Rh6 Ke8 41. Rh8+ Rg8 42. Bc2 Qf8 43. Rh4 Rg4 44. Bd1 0-1

[Event "32nd GER-ch Seniors-50 2020"]
[Site "Magdeburg"]
[Date "2020.08.19"]
[Round "6.5"]
[White "Vatter, Hans-Joachim"]
[Black "Stahr, Ralf-Peter"]
[Result "1-0"]
[ECO "B30"]
[WhiteElo "2204"]
[BlackElo "2137"]
[Annotator "ChessBase"]
[PlyCount "107"]
[EventDate "2020.08.14"]
[EventType "swiss"]
[EventCountry "GER"]
[SourceTitle "playchess.com"]
[Source "ChessBase"]
[SourceQuality "1"]
[TimeControl "40/5400+30:1800+30"]

1. e4 c5 2. Nf3 Nc6 3. Bb5 e6 4. Bxc6 bxc6 5. d3 Ne7 6. O-O Ng6 7. Ng5 f6 8. Nh3 d5 9. f4 dxe4 10. dxe4 Qd4+ 11. Nf2 Ba6 12. c3 Qd6 13. e5 Qd5 14. Re1 Kf7 15. Qh5 Bd3 16. Nxd3 Qxd3 17. Nd2 Be7 18. Ne4 f5 19. Nf2 Qc4 20. Qe2 Qxe2 21. Rxe2 c4 22. Be3 Rhd8 23. Rd1 Rd5 24. Red2 a6 25. Rd4 Rad8 26. Kf1 Rxd4 27. Rxd4 Rxd4 28. cxd4 Bb4 29. Ke2 c3 30. bxc3 Bxc3 31. Nd3 a5 32. Nc5 Bb4 33. Nb7 Ke8 34. g3 Ne7 35. Bd2 Nd5 36. Nxa5 Bxa5 37. Bxa5 Kd7 38. Kd3 g6 39. a4 h6 40. Bd2 Nc7 41. Bb4 Na6 42. Bf8 h5 43. Bd6 Ke8 44. Ke3 Kf7 45. Kf3 Kg7 46. Kg2 Kh6 47. Be7 Nc7 48. Kh3 Nd5 49. Bf8+ Kh7 50. Bd6 Kh6 51. Bf8+ Kh7 52. Kh4 Kg8 53. Bc5 Kg7 54. Kg5 1-0

[Event "32nd GER-ch Seniors-50 2020"]
[Site "Magdeburg"]
[Date "2020.08.19"]
[Round "6.7"]
[White "Lindam, Ingo"]
[Black "Zuehlke, Burkhard"]
[Result "0-1"]
[ECO "A40"]
[WhiteElo "2142"]
[BlackElo "2005"]
[Annotator "ChessBase"]
[PlyCount "133"]
[EventDate "2020.08.14"]
[EventType "swiss"]
[EventCountry "GER"]
[SourceTitle "playchess.com"]
[Source "ChessBase"]
[SourceQuality "1"]
[TimeControl "40/5400+30:1800+30"]

1. d4 g6 2. e4 d6 3. Bc4 Nf6 4. Qe2 c6 5. Bb3 Bg7 6. Nf3 O-O 7. h3 e5 8. dxe5 dxe5 9. Bd2 Qe7 10. g4 Na6 11. Bc3 Nd7 12. Nbd2 Ndc5 13. Nc4 Nxb3 14. axb3 f6 15. Rd1 Nc7 16. Nd6 Ne6 17. Nxc8 Rfxc8 18. O-O b5 19. Rfe1 Nf4 20. Qf1 Rd8 21. Kh2 Ne6 22. Ba5 Rxd1 23. Rxd1 Bf8 24. b4 Re8 25. Qd3 Qb7 26. c4 Nf4 27. Qc2 c5 28. bxc5 b4 29. Rd8 Rxd8 30. Bxd8 Kf7 31. g5 Qd7 32. Kg1 Qxd8 33. Qa4 Bxc5 34. Qc6 Qd6 35. Qb7+ Qe7 36. Qc8 Kg7 37. gxf6+ Kxf6 38. Qh8+ Qg7 39. Qd8+ Qe7 40. Qh8+ Qg7 41. Qd8+ Be7 42. Qc7 g5 43. Nxe5 h5 44. Nc6 Ng6 45. Qxa7 Bd6 46. Qd4+ Be5 47. Qd8+ Kf7 48. Qd5+ Kf8 49. Qd8+ Kf7 50. Qd5+ Kf6 51. Qd8+ Ne7 52. Nxb4 g4 53. Nd5+ Ke6 54. Qxe7+ Qxe7 55. Nxe7 Kxe7 56. b4 Kd6 57. Kg2 Kc6 58. Kf1 Bc7 59. Kg2 Kd7 60. Kf1 Bf4 61. Kg2 Kd6 62. hxg4 hxg4 63. f3 g3 64. Kh3 Ke5 65. c5 Kd4 66. c6 Kc4 67. Kg4 0-1

[Event "32nd GER-ch Seniors-50 2020"]
[Site "Magdeburg"]
[Date "2020.08.20"]
[Round "7.2"]
[White "Pirrot, Dieter"]
[Black "Vatter, Hans-Joachim"]
[Result "1/2-1/2"]
[ECO "C50"]
[WhiteElo "2319"]
[BlackElo "2204"]
[Annotator "ChessBase"]
[PlyCount "142"]
[EventDate "2020.08.14"]
[EventType "swiss"]
[EventCountry "GER"]
[SourceTitle "playchess.com"]
[Source "ChessBase"]
[SourceQuality "1"]
[TimeControl "40/5400+30:1800+30"]

1. e4 e5 2. Nf3 Nc6 3. Bc4 Bc5 4. O-O Nf6 5. d4 Bxd4 6. Nxd4 Nxd4 7. f4 d6 8. c3 Ne6 9. f5 Nc5 10. Nd2 c6 11. Qf3 a5 12. b4 axb4 13. cxb4 Na4 14. Kh1 b5 15. Bd3 Qe7 16. Nb3 h6 17. a3 Bd7 18. Qg3 c5 19. Na5 Kf8 20. Bc2 Kg8 21. Qh4 Rc8 22. Bxa4 bxa4 23. Bd2 Rc7 24. Rae1 Bb5 25. Rf3 c4 26. Bc3 Kh7 27. g4 Kg8 28. Qg3 Kf8 29. h3 Ke8 30. Qf2 Nd7 31. Rd1 h5 32. g5 Qxg5 33. Rxd6 Rh6 34. Rd5 Bc6 35. Nxc6 Rhxc6 36. b5 Rc5 37. b6 R7c6 38. b7 Qd8 39. Bxe5 Rxd5 40. exd5 Rb6 41. Bxg7 Rb1+ 42. Kg2 Qg5+ 43. Rg3 Qc1 44. Re3+ Kd8 45. b8=Q+ Rxb8 46. d6 f6 47. Qe2 Kc8 48. Re8+ Kb7 49. Qe4+ Ka7 50. Qd4+ Ka6 51. Rxb8 Nxb8 52. Bxf6 Qc2+ 53. Kg3 Qxf5 54. Qxc4+ Kb7 55. Qb4+ Kc8 56. Qc3+ Kb7 57. Qf3+ Qxf3+ 58. Kxf3 Kc6 59. Be7 Kd7 60. Kg3 Nc6 61. Bf8 Ne5 62. Be7 Nc4 63. Kh4 Nxa3 64. Kxh5 Nc4 65. Kg6 Nxd6 66. Bf6 a3 67. h4 Ke6 68. h5 Nf7 69. Bc3 a2 70. Bb2 Ne5+ 71. Kg7 Ng4 1/2-1/2

[Event "32nd GER-ch Seniors-50 2020"]
[Site "Magdeburg"]
[Date "2020.08.20"]
[Round "7.3"]
[White "Pitschka, Claus"]
[Black "Biebinger, Gerhard"]
[Result "0-1"]
[ECO "C06"]
[WhiteElo "2158"]
[BlackElo "2226"]
[Annotator "ChessBase"]
[PlyCount "123"]
[EventDate "2020.08.14"]
[EventType "swiss"]
[EventCountry "GER"]
[SourceTitle "playchess.com"]
[Source "ChessBase"]
[SourceQuality "1"]
[TimeControl "40/5400+30:1800+30"]

1. d4 e6 2. e4 d5 3. Nd2 Nf6 4. e5 Nfd7 5. Bd3 c5 6. c3 cxd4 7. cxd4 Nc6 8. Ne2 Nb6 9. O-O Bd7 10. f4 Nb4 11. Bb1 Nc4 12. Nf3 h5 13. a3 Nc6 14. Nc3 g6 15. b3 N4a5 16. Be3 Qb6 17. Bc2 Ne7 18. b4 Nc4 19. Bf2 Nf5 20. Re1 Be7 21. Na4 Bxa4 22. Bxa4+ Kf8 23. Bc2 Qd8 24. Nd2 b5 25. Nb3 a5 26. Nc5 a4 27. Re2 Qc7 28. Qe1 Kg7 29. Bxf5 gxf5 30. Bh4 Rag8 31. Rc1 Qd8 32. Bxe7 Qxe7 33. Rc3 h4 34. Nd3 Kf8 35. Nf2 Rh5 36. Nh3 Ke8 37. Ng5 Rhxg5 38. fxg5 Qxg5 39. Rh3 Rh8 40. Rc2 Qg4 41. Rd3 Kd7 42. Qe2 Qe4 43. Qxe4 dxe4 44. Rh3 Kc6 45. g3 Kd5 46. Rxh4 Rf8 47. Rf2 Kxd4 48. g4 Rg8 49. Kh1 Kxe5 50. gxf5 exf5 51. Rh5 Ne3 52. h3 Rc8 53. Rh7 Ke6 54. Rh6+ f6 55. Rh7 Nc4 56. Rc2 Rb8 57. Rc3 f4 58. Rc7 Ke5 59. Rd7 f3 60. Kg1 f5 61. Kf2 Rh8 62. Rd6 0-1

[Event "32nd GER-ch Seniors-50 2020"]
[Site "Magdeburg"]
[Date "2020.08.20"]
[Round "7.6"]
[White "Loew, Gerald"]
[Black "Schober, Ralf"]
[Result "1-0"]
[ECO "A27"]
[WhiteElo "2152"]
[BlackElo "2030"]
[Annotator "ChessBase"]
[PlyCount "93"]
[EventDate "2020.08.14"]
[EventType "swiss"]
[EventCountry "GER"]
[SourceTitle "playchess.com"]
[Source "ChessBase"]
[SourceQuality "1"]
[TimeControl "40/5400+30:1800+30"]

1. c4 e5 2. Nc3 Nc6 3. Nf3 g6 4. d4 exd4 5. Nxd4 Bg7 6. Nxc6 Bxc3+ 7. bxc3 dxc6 8. Qd4 Qxd4 9. cxd4 Nf6 10. Bf4 Be6 11. e3 Rc8 12. h3 O-O 13. Be2 Ne4 14. a4 c5 15. d5 Bd7 16. Ra3 Nd6 17. a5 f6 18. O-O Kf7 19. Rb1 Rb8 20. f3 g5 21. Bh2 Rfe8 22. Kf2 Ke7 23. Bd3 h6 24. g4 Kd8 25. Bg3 Ke7 26. h4 Rh8 27. Kg2 Rhe8 28. hxg5 hxg5 29. Rh1 Rh8 30. Raa1 Rbg8 31. e4 c6 32. e5 fxe5 33. Bxe5 Rxh1 34. Rxh1 cxd5 35. cxd5 c4 36. Rh7+ Ke8 37. Be2 Nf7 38. Bd4 Bb5 39. Bxa7 Rh8 40. Rg7 Kf8 41. Rg6 Rh6 42. Bc5+ Ke8 43. Rg8+ Kd7 44. Rg7 Ke8 45. Bd1 Ra6 46. Bc2 Ne5 47. Re7+ 1-0

[Event "32nd GER-ch Seniors-50 2020"]
[Site "Magdeburg"]
[Date "2020.08.20"]
[Round "7.7"]
[White "Doeserich, Juergen"]
[Black "Schatz, Christian"]
[Result "0-1"]
[ECO "A59"]
[WhiteElo "2034"]
[BlackElo "2162"]
[Annotator "ChessBase"]
[PlyCount "91"]
[EventDate "2020.08.14"]
[EventType "swiss"]
[EventCountry "GER"]
[SourceTitle "playchess.com"]
[Source "ChessBase"]
[SourceQuality "1"]
[TimeControl "40/5400+30:1800+30"]

1. d4 Nf6 2. c4 c5 3. d5 b5 4. cxb5 a6 5. bxa6 Bxa6 6. Nc3 d6 7. e4 Qa5 8. Bxa6 Qxa6 9. Qe2 g6 10. Nf3 Bg7 11. Nb5 O-O 12. a4 Nbd7 13. Ra3 Rfc8 14. b3 Nb6 15. a5 Nbd7 16. Nd2 Ne8 17. Nb1 c4 18. bxc4 Ne5 19. N1c3 Nxc4 20. Ra4 Nxa5 21. Bd2 Qb7 22. O-O Nb3 23. Rxa8 Qxa8 24. Rb1 Nxd2 25. Qxd2 Qa5 26. Rc1 Qb4 27. Qd3 Qb2 28. Qb1 Qxb1 29. Rxb1 Rxc3 30. Nxc3 Bxc3 31. Rb8 Kf8 32. g4 g5 33. f3 e6 34. dxe6 fxe6 35. Kf2 Be5 36. Rb7 h6 37. h3 Nf6 38. Ke3 Ng8 39. h4 Bf4+ 40. Kf2 gxh4 41. Kg2 Ne7 42. Kh3 Ng6 43. g5 hxg5 44. Kg4 Ne5+ 45. Kh5 h3 46. Rb8+ 0-1

[Event "32nd GER-ch Seniors-50 2020"]
[Site "Magdeburg"]
[Date "2020.08.20"]
[Round "7.8"]
[White "Zuehlke, Burkhard"]
[Black "Noldt, Torsten"]
[Result "0-1"]
[ECO "A57"]
[WhiteElo "2005"]
[BlackElo "2002"]
[Annotator "ChessBase"]
[PlyCount "77"]
[EventDate "2020.08.14"]
[EventType "swiss"]
[EventCountry "GER"]
[SourceTitle "playchess.com"]
[Source "ChessBase"]
[SourceQuality "1"]
[TimeControl "40/5400+30:1800+30"]

1. d4 c5 2. d5 Nf6 3. c4 b5 4. Nf3 g6 5. cxb5 a6 6. e4 d6 7. Nc3 axb5 8. Bxb5+ Bd7 9. Bc4 Bg7 10. O-O O-O 11. h3 Qb6 12. Qe2 Bc8 13. e5 Ne8 14. Bg5 f6 15. exf6 exf6 16. Bf4 Ba6 17. Nb5 Nd7 18. a4 Ne5 19. Bxe5 fxe5 20. Ng5 Bxb5 21. Bxb5 Nc7 22. Bc6 Rab8 23. a5 Qa6 24. Qxa6 Nxa6 25. Ne4 Rfd8 26. g4 Rb4 27. f3 h6 28. Rf2 Kf7 29. h4 Ke7 30. Ra4 Rb3 31. h5 Rdb8 32. hxg6 Rxb2 33. Kg2 Rxf2+ 34. Kxf2 Bf6 35. Ke2 Bg5 36. Kd3 Rb3+ 37. Kc4 Rxf3 38. Kb5 Nb8 39. a6 0-1

[Event "32nd GER-ch Seniors-50 2020"]
[Site "Magdeburg"]
[Date "2020.08.21"]
[Round "8.3"]
[White "Vatter, Hans-Joachim"]
[Black "Kahe, Ralph"]
[Result "1-0"]
[ECO "B06"]
[WhiteElo "2204"]
[BlackElo "2165"]
[Annotator "ChessBase"]
[PlyCount "51"]
[EventDate "2020.08.14"]
[EventType "swiss"]
[EventCountry "GER"]
[SourceTitle "playchess.com"]
[Source "ChessBase"]
[SourceQuality "1"]
[TimeControl "40/5400+30:1800+30"]

1. e4 g6 2. d4 Bg7 3. c3 d6 4. f4 e5 5. dxe5 dxe5 6. Qxd8+ Kxd8 7. Nf3 Nd7 8. Na3 a6 9. Nc4 exf4 10. Bxf4 f6 11. O-O-O Bh6 12. g3 Ke7 13. Bg2 Bxf4+ 14. gxf4 Nh6 15. Rhe1 Nf7 16. b4 Nf8 17. Na5 Rb8 18. Nd4 Bd7 19. e5 fxe5 20. Bxb7 Ne6 21. Nxe6 Kxe6 22. Bd5+ Ke7 23. Bxf7 Bg4 24. Bc4 Bxd1 25. Nc6+ Kd6 26. Nxb8 1-0

[Event "32nd GER-ch Seniors-50 2020"]
[Site "Magdeburg"]
[Date "2020.08.21"]
[Round "8.7"]
[White "Lindam, Ingo"]
[Black "Pitschka, Claus"]
[Result "1/2-1/2"]
[ECO "A43"]
[WhiteElo "2142"]
[BlackElo "2158"]
[Annotator "ChessBase"]
[PlyCount "33"]
[EventDate "2020.08.14"]
[EventType "swiss"]
[EventCountry "GER"]
[SourceTitle "playchess.com"]
[Source "ChessBase"]
[SourceQuality "1"]
[TimeControl "40/5400+30:1800+30"]

1. d4 c5 2. d5 d6 3. e4 Nf6 4. Nc3 g6 5. Bb5+ Bd7 6. a4 Bg7 7. h3 Na6 8. Nf3 O-O 9. O-O Bxb5 10. axb5 Nc7 11. Re1 a6 12. Qe2 Nd7 13. bxa6 Rxa6 14. Rxa6 Nxa6 15. Qb5 Nb4 16. Re2 Qc7 17. Bg5 1/2-1/2

[Event "32nd GER-ch Seniors-50 2020"]
[Site "Magdeburg"]
[Date "2020.08.21"]
[Round "8.8"]
[White "Zuehlke, Burkhard"]
[Black "Namyslo, Holger"]
[Result "0-1"]
[ECO "D10"]
[WhiteElo "2005"]
[BlackElo "2149"]
[Annotator "ChessBase"]
[PlyCount "27"]
[EventDate "2020.08.14"]
[EventType "swiss"]
[EventCountry "GER"]
[SourceTitle "playchess.com"]
[Source "ChessBase"]
[SourceQuality "1"]
[TimeControl "40/5400+30:1800+30"]

1. d4 d5 2. c4 c6 3. cxd5 cxd5 4. Bf4 Nf6 5. e3 Qb6 6. Qc2 Nc6 7. Nc3 Bf5 8. Qb3 Qxb3 9. axb3 e6 10. Bb5 Bb4 11. Nge2 Bc2 12. Ba4 Kd7 13. Rc1 Bd3 14. f3 0-1